 Dungeon Crawl Stone Soup version 0.30-a0-586-g23e55c9e0a (webtiles) character file.

Game seed: 15537874303282778472

1821 Dirtsage the Insei (level 8, -2/62 (65) HPs)
             Began as a Demonspawn Monk on Jan 3, 2023.
             Slain by a wight
             ... wielding a +0 scimitar
              (6 damage)
             ... on level 6 of the Dungeon.
             The game lasted 00:13:52 (6779 turns).

Dirtsage the Insei (Demonspawn Monk)                Turns: 6779, Time: 00:13:52

HP:   -2/62 (65)    AC: 12    Str: 11    XL:     8   Next: 85%
MP:   8/8           EV:  8    Int: 13    God:
Gold: 179           SH:  0    Dex: 17    Spells: 7/7 levels left

rFire   + + .      SeeInvis .      - Unarmed
rCold   . . .      Faith    .    (no shield)
rNeg    . . .      Spirit   .    y - +0 fire dragon scales
rPois   .          Reflect  .    (helmet restricted)
rElec   .          Harm     .    (no cloak)
rCorr   .          Rampage  .    e - +2 pair of gloves
Will    .....                    m - +0 pair of boots Stlth
                                 (no amulet)
HPRegen 0.30/turn                I - ring of protection from cold
MPRegen 0.11/turn                (no ring)

@: lightly drained
A: horns 1, ignite blood 1, demonic touch 1
a: no special abilities


You were on level 6 of the Dungeon.
You visited 1 branch of the dungeon, and saw 6 of its levels.
You also visited: Ossuary.

You collected 291 gold pieces.
You spent 112 gold pieces at shops.

Inventory:

Hand Weapons
 a - a +0 falchion
Missiles
 H - a throwing net (quivered)
Armour
 b - a +0 robe
 d - a +0 pair of gloves
 e - a +2 pair of gloves (worn)
 g - a +1 robe of resistance
 m - a +0 pair of boots (worn)
 u - a +0 scale mail
 y - +0 fire dragon scales (worn)
Jewellery
 D - an amulet of reflection
 F - a ring of ice
 I - a ring of protection from cold (left hand)
Wands
 E - a wand of roots (7)
Scrolls
 f - 2 scrolls of blinking {unknown}
 i - 8 scrolls of identify
 k - 2 scrolls of noise {unknown}
 o - 2 scrolls of fear {unknown}
 r - a scroll of brand weapon {unknown}
 t - 2 scrolls of teleportation
 x - a scroll of enchant armour {unknown}
 z - 2 scrolls of amnesia {unknown}
 B - a scroll of immolation {unknown}
 G - 3 scrolls of magic mapping {unknown}
 J - a scroll of fog {unknown}
 K - a scroll of silence {unknown}
 L - a scroll of vulnerability
Potions
 c - a potion of ambrosia
 h - a potion of brilliance {unknown}
 j - 2 potions of flight
 l - 2 potions of heal wounds
 n - 2 potions of berserk rage {unknown}
 p - 7 potions of curing {unknown}
 q - 2 potions of might {unknown}
 s - a potion of magic {unknown}
 v - a potion of degeneration {unknown}
 w - 2 potions of lignification
 A - a potion of haste {unknown}
 C - a potion of cancellation {unknown}


   Skills:
 + Level 6.9 Fighting
 - Level 4.5 Long Blades
 - Level 2.6 Dodging
 - Level 1.7 Stealth
 * Level 7.9 Unarmed Combat


You had 7 spell levels left.
You didn't know any spells.
Your spell library contained the following spells:

 Spells                   Type           Power      Damage    Failure   Level
 Magic Dart               Conj           0%         1d3       96%         1
 Call Imp                 Summ           0%         N/A       99%         2
 Searing Ray              Conj           0%         2d4       99%         2
 Static Discharge         Conj/Air       0%         2-2/arc   99%         2
 Mephitic Cloud           Conj/Pois/Air  0%         N/A       100%        3
 Vhi's Electric Charge    Tloc/Air       0%         N/A       100%        3
 Fulminant Prism          Conj/Hex       0%         3d5       100%        4
 Arcjolt                  Conj/Air       0%         1d10      100%        5
 Lightning Bolt           Conj/Air       0%         1d11      100%        5


Dungeon Overview and Level Annotations

Branches:
Dungeon (6/15)            Ossuary (visited)
 Temple: D:4-7

Altars:
Wu Jian

Shops:
D:4 [!


Innate Abilities, Weirdness & Mutations

You have a pair of small horns on your head.
Your demonic aura sometimes causes spilled blood to erupt in flames.
Your touch may inflict minor irresistible damage on your foes.


Message History

You take 12 damage, and have 34/63 hp.
You are too injured to fight recklessly!
You are too injured to fight recklessly!
You punch the wight!
You headbutt the wight, but do no damage.
The wight is almost destroyed.
The wight barely misses you. The wight hits you with a +0 scimitar.
You feel drained. The wight closely misses you.
You take 5 damage, and have 29/62 hp.
You punch the wight!
You destroy the wight!
The wight closely misses you.
The wight hits you with a +0 great sword!
* * * LOW HITPOINT WARNING * * *
You feel drained.
* * * LOW HITPOINT WARNING * * *
You take 13 damage, and have 16/62 hp.
MASSIVE DAMAGE!!
The wight attacks as you move away! The wight hits you with a +0 scimitar.
* * * LOW HITPOINT WARNING * * *
You take 3 damage, and have 13/62 hp.
You hit the wight.
The wight is moderately damaged.
You barely miss the wight. Your touch misses the wight.
The wight is moderately damaged.
The wight closely misses you.
You punch the wight!
You touch the wight.
You destroy the wight!
The wight hits you but does no damage.
You barely miss the wight.
You touch the wight!
The wight is heavily damaged.
The wight hits you with a +0 scimitar!
* * * LOW HITPOINT WARNING * * *
You feel drained.
* * * LOW HITPOINT WARNING * * *
You take 9 damage, and have 4/62 hp.
You punch the wight!
You headbutt the wight, but do no damage.
The wight is almost destroyed.
The wight hits you with a +0 scimitar.
You die...

## #######
###.# #
.>..... ....
#
#...##..####
## .#
#..@#.....#
.###...#
##.)z.....#
......#
#.)......#
.###...
#........# .#
..........#
.#
###..........
.##
#...######.
..# #...# ..#
#...#


You could see a wight.

Vanquished Creatures
  A water moccasin (D:5)
  2 ice beasts (D:5)
  2 ogres
  A phantom (D:5)
  A necrophage (D:5)
  3 scorpions
  3 wights (D:6)
  2 howler monkeys (D:5)
  2 hounds (D:5)
  2 jellies (D:5)
  2 orc priests
  5 iguanas
  An orc wizard (D:3)
  2 mummies
  8 adders
  16 gnolls (D:5)
  2 ufetubi (D:5)
  A worm (D:3)
  A dart slug (D:3)
  31 orcs
  8 spectral bats (Ossuary)
  5 bats
  9 endoplasms
  6 giant cockroaches
  12 gnoll zombies (Ossuary)
  6 goblins
  4 hobgoblins
  18 jackals
  5 quokkas
  5 ball pythons
  3 bat simulacra (Ossuary)
  2 frilled lizards (D:2)
  2 goblin simulacra (Ossuary)
  3 goblin zombies (Ossuary)
  6 hobgoblin zombies (Ossuary)
  9 kobolds
  2 kobold simulacra (Ossuary)
  4 kobold zombies (Ossuary)
  5 orc zombies (Ossuary)
  7 rats
  3 rat simulacra (Ossuary)
  2 spectral kobolds (Ossuary)
  7 spectral rats (Ossuary)
221 creatures vanquished.

Vanquished Creatures (others)
  21 plants
21 creatures vanquished.

Grand Total: 242 creatures vanquished

Notes
Turn   | Place    | Note
-------+----------+-------------------------------------------
     0 | D:1      | Dirtsage the Demonspawn Monk began the quest for the Orb.
     0 | D:1      | Reached XP level 1. HP: 18/18 MP: 1/1
   393 | D:1      | Gained mutation: Your demonic aura sometimes causes spilled
                  | blood to erupt in flames. [demonic ancestry]
   393 | D:1      | Reached XP level 2. HP: 24/24 MP: 2/2
  1204 | D:2      | Reached XP level 3. HP: 21/29 MP: 3/3
  1643 | D:2      | Discovered your monstrous ancestry.
  1643 | D:2      | Gained mutation: You have a pair of small horns on your
                  | head. [demonic ancestry]
  1643 | D:2      | Reached XP level 4. HP: 35/35 MP: 4/4
  1914 | D:3      | Noticed an ogre
  1915 | D:3      | You fall into a shaft and drop 1 floor!
  1942 | D:4      | Reached skill level 1 in Unarmed Combat
  1978 | D:4      | Found a sand-covered staircase.
  2015 | Ossuary  | Entered an ossuary
  2197 | Ossuary  | Reached XP level 5. HP: 40/41 MP: 5/5
  2359 | Ossuary  | Reached skill level 2 in Unarmed Combat
  2928 | D:3      | Killed an ogre
  2929 | D:3      | Reached skill level 3 in Unarmed Combat
  2929 | D:3      | Reached XP level 6. HP: 10/48 MP: 6/6
  3803 | D:4      | Found Nuklerae's Armour Boutique.
  3814 | D:4      | Reached skill level 4 in Unarmed Combat
  4298 | D:4      | Found Ogec's Distillery.
  4301 | D:4      | Bought a potion of heal wounds for 70 gold pieces
  4301 | D:4      | Bought a potion of lignification for 42 gold pieces
  4422 | D:4      | Found an ornate altar of the Wu Jian Council.
  4548 | D:4      | Gained mutation: Your touch may inflict minor irresistible
                  | damage on your foes. [demonic ancestry]
  4548 | D:4      | Reached XP level 7. HP: 31/55 MP: 7/7
  5225 | D:5      | Entered Level 5 of the Dungeon
  5248 | D:5      | Reached skill level 5 in Fighting
  5248 | D:5      | Reached skill level 5 in Unarmed Combat
  5650 | D:5      | Reached skill level 6 in Unarmed Combat
  5770 | D:5      | Reached XP level 8. HP: 63/63 MP: 8/8
  6158 | D:5      | Reached skill level 7 in Unarmed Combat
  6779 | D:6      | Slain by a wight

Illustrated notes

Levels and vault maps discovered:
D:1:      minmay_arrival_jagged, layout_loops_corners
D:2:      layout_loops_corners, grunt_ministairs_11, guppyfry_early_lair_pool
D:3:      layout_basic, kennysheep_generic_room_12
D:4:      layout_loops_ring, mainiacjoe_overflow_cross_hatched, serial_shops,
          nicolae_square_shop, kennysheep_mini_moat, gup_ossuary_entry_pyramid,
          minmay_box_of_dots
D:5:      lemuel_castle_with_subvaults [lemuel_castle_interior_carwin_3],
          layout_loops_cross
D:6:      minmay_polygon_palace, layout_rooms, grunt_temple_overflow_open,
          minmay_temple_entry_enclosed_plants, minmay_joined_circles

Skill      XL: |  1  2  3  4  5  6  7  8 |
---------------+-------------------------+-----
Long Blades    | 3 4 |  4.5
Unarmed Combat | 1 3 4 6 7 |  7.9
Fighting       | 4 5 6 |  6.9
Dodging        | |  2.6
Stealth        | |  1.7

Action                   |  1- 3 |  4- 6 |  7- 9 || total
-------------------------+-------+-------+-------++-------
Melee: Falchion          |   107 |   317 |       ||   424
       Headbutt          |       |    71 |    58 ||   129
       Punch             |       |     9 |    14 ||    23
       Unarmed           |       |    26 |   249 ||   275
       Touch             |       |       |    46 ||    46
  Use: Scroll            |       |       |     3 ||     3
 Stab: Sleeping          |     4 |     7 |       ||    11
Armor: Robe              |    39 |    86 |       ||   125
       Fire dragon scale |       |    59 |   131 ||   190
Dodge: Dodged            |    61 |   188 |    95 ||   344

Table legend: (Time is in decaauts)
 A = Elapsed time spent in this place.
 B = Non-inter-level travel time spent in this place.
 C = Inter-level travel time spent in this place.
 D = Time resting spent in this place.
 E = Time spent auto-exploring this place.
 F = Levels seen in this place.
 G = Mean time per level.
                   A        B        C        D        E       F      G
               +--------+--------+--------+--------+--------+-----+--------+
         Total |   6788 |   6689 |     99 |    393 |   4841 |   7 |  969.7 |
       Dungeon |   6225 |   6126 |     99 |    346 |   4613 |   6 | 1037.5 |
       Ossuary |    562 |    562 |      0 |     47 |    228 |   1 |  562.0 |
               +--------+--------+--------+--------+--------+-----+--------+

Top non-repeatable levels by time:
     D:5: 1499 daAuts
     D:3: 1445 daAuts
     D:4: 1346 daAuts
     D:2: 968 daAuts
     D:1: 934 daAuts
 Ossuary: 562 daAuts
     D:6: 32 daAuts
